 Dungeon Sprint DCSS version 0.27.1 (webtiles) character file.

Game seed: 14874362685714369400

2894 styxcanada the Imperceptible (level 9, -5/48 HPs)
             Began as a Spriggan Brigand on Aug 27, 2021.
             Was an Initiate of Gozag.
             Succumbed to a ghost moth's poison
             ... in the Dungeon (Sprint IV: "Fedhas' Mad Dash").
             The game lasted 00:08:04 (765 turns).

styxcanada the Imperceptible (Spriggan Brigand)      Turns: 765, Time: 00:08:05

Health: -5/48      AC:  5    Str: 11    XL:     9   Next: 48%
Magic:  0/17       EV: 26    Int: 13    God:    Gozag
Gold:   814        SH:  8    Dex: 25    Spells: 12/17 levels left

rFire    . . .     SeeInvis +   a - +2 dagger
rCold    . . .     Faith    .   o - +1 buckler {reflect}
rNeg     . . .     Spirit   .   r - +2 robe of Dishonour {Str+4}
rPois    .         Reflect  +   (helmet restricted)
rElec    .         Harm     .   c - +0 cloak
rCorr    +         Rampage  .   (gloves unavailable)
Will     +....     NoTele   +   (boots unavailable)
Stlth    +++++++++.             m - amulet of invisibility {+Inv}
HPRegen  0.16/turn              l - +6 ring of dexterity
MPRegen  0.15/turn              t - ring of resist corrosion

@: mighty, lethally poisoned (-5 -> -70), confusing by touch, very slightly
contaminated, studying Fighting, very quick
A: very small, no large weapons, unfitting armour, see invisible, speed 3
a: Renounce Religion, Evoke Invisibility, Potion Petition, Call Merchant, Bribe
Branch


You were in the Dungeon.
You worshipped Gozag.
Gozag was pleased with you.
You visited 1 branch You collected 1388 gold pieces.
You spent 574 gold pieces at shops.

Inventory:

Hand Weapons
 a - a +2 dagger (weapon)
 n - a +0 hunting sling
Missiles
 b - 23 stones
 d - 7 poisoned darts (quivered)
 e - 2 curare-tipped darts
 s - 24 sling bullets
Armour
 c - a +0 cloak (worn)
 o - a +1 buckler of reflection (worn)
 r - the +2 robe of Dishonour (worn) {Str+4}
   (You found it in the Dungeon)

   Str:       It affects your strength (+4).
Jewellery
 l - a +6 ring of dexterity (left hand)
 m - the amulet of invisibility (around neck) {+Inv}
   (You found it in the Dungeon)

   [amulet of nothing]

   +Inv:      It lets you turn invisible.
 t - a ring of resist corrosion (right hand)
Scrolls
 k - a scroll of blinking
Potions
 f - a potion of curing
 h - a potion of haste
 i - 2 potions of magic


   Skills:
 * Level 6.1 Fighting
 + Level 5.6 Short Blades
 + Level 4.8 Throwing
 * Level 9.6 Dodging
 * Level 22.4 Stealth
 + Level 0.1 Shields
 * Level 4.7 Spellcasting
 * Level 4.7 Hexes
 * Level 9.2 Evocations


You had 12 spell levels left.
You knew the following spells:

 Your Spells              Type           Power      Damage    Failure   Level
a - Slow                  Hex            15%        N/A       7%          2
b - Confusing Touch       Hex            15%        N/A       14%         3

Your spell library contained the following spells:

 Spells                   Type           Power      Damage    Failure   Level
 Yara's Violent Unravell  Hex/Tmut       4%         3d4       98%         5


Dungeon Overview and Level Annotations

Branches:
Dungeon (1/1)

Altars:
Cheibriados
Dithmenos
Elyvilon
Gozag
Hepliaklqana
Kikubaaqudgha
Makhleb
Nemelex Xobeh
Okawaru
Qazlal
Ru
Sif Muna
Trog
Uskayaw
Vehumet
Wu Jian
Xom
Yredelemnul
Zin
The Shining One
Beogh
Jiyva
Lugonu

Shops:
D [:[(


Innate Abilities, Weirdness & Mutations

You are very small and have problems with some larger weapons.
You are too small for most types of armour.
You have supernaturally acute eyesight. (SInv)
You cover ground extremely quickly. (Speed+++)


Message History

A hornet comes into view.
You block the spriggan druid's attack.
You closely miss the spriggan druid. The spriggan druid barely misses you.
The hornet buzzes angrily.
You hit the spriggan druid but do no damage.
The spriggan druid hits you with a +0 quarterstaff!
You hit the spriggan druid but do no damage.
A hornet comes into view.
The hornet buzzes angrily.
You hit the spriggan druid but do no damage.
You block the spriggan druid's attack.
You hit the spriggan druid but do no damage.
You flicker back into view.
The hornet buzzes angrily.
The spriggan druid hits you with a +0 quarterstaff!!
* * * LOW HITPOINT WARNING * * *
The hornet misses you. You block the hornet's attack. The hornet misses you.
The hornet completely misses you.
A ghost moth comes into view.
The spriggan druid calls out to the beasts of the wild!
The ghost moth stares at you.
You feel your power leaking away. The ghost moth completely misses you.
You block the ghost moth's attack. The ghost moth completely misses you.
There is an open door here.
You feel much better. The hornet misses you. The ghost moth stares at you.
The ghost moth completely misses you. x2; The ghost moth stings you!
The spriggan druid calls out to the beasts of the wild!
The ghost moth hits you. The ghost moth barely misses you.
The ghost moth stings you.
You are lethally poisoned!
The ghost moth poisons you!
* * * LOW HITPOINT WARNING * * *
You feel extremely sick.
It was a potion of might.
You feel very mighty all of a sudden.
You die...
Your body crumbles into a pile of gold.

#<.†P#.....#.....#.⌠._.
#PP..'.....'.#...'.._._
#PPPP#.....#.#...#..._.
###############'##.._._
#...♣........'...#._._.
#......♣.....#...######
#.....♣..♣..######♣♣♣♣♣
##'####y######..'......
#..#..@yyi......#♣..♣♣♣
#..#..###.......#.♣♣.$♣
####### ########## ###


You could see a ghost moth (invisible), a spriggan druid and 2 hornets.

Vanquished Creatures
  2 oklob plants (D)
  3 burning bushes (D)
  3 wandering mushrooms (D)
  A queen bee (D)
  3 scorpions (D)
  4 killer bees (D)
  5 oklob saplings (D)
  2 spriggans (D)
  A river rat (D)
  A rat (D)
25 creatures vanquished.

Notes
Turn   | Place    | Note
-------+----------+-------------------------------------------
     0 | D        | styxcanada the Spriggan Brigand began the quest for the
                  | Orb.
     0 | D        | Reached XP level 1. HP: 10/10 MP: 2/2
    22 | D        | Reached skill level 8 in Stealth
    22 | D        | Reached XP level 2. HP: 12/15 MP: 3/3
    75 | D        | Noticed an oklob sapling
    77 | D        | Killed an oklob sapling
    78 | D        | Reached skill level 9 in Stealth
    78 | D        | Reached XP level 3. HP: 18/18 MP: 4/4
    79 | D        | Noticed a scorpion
    79 | D        | Found the amulet of invisibility {+Inv}
    81 | D        | Killed a scorpion
    82 | D        | Reached skill level 12 in Stealth
    82 | D        | Reached XP level 4. HP: 23/23 MP: 5/5
   105 | D        | Found an opulent altar of Gozag.
   105 | D        | Found a hazy altar of Hepliaklqana.
   105 | D        | Found a burning altar of Makhleb.
   105 | D        | Found a sparkling altar of Nemelex Xobeh.
   105 | D        | Found a snail-covered altar of Cheibriados.
   105 | D        | Found a sacrificial altar of Ru.
   105 | D        | Found a shimmering blue altar of Sif Muna.
   105 | D        | Found a shimmering altar of Xom.
   105 | D        | Found a basalt altar of Yredelemnul.
   106 | D        | Found a viscous altar of Jiyva.
   106 | D        | Found a bloodstained altar of Trog.
   106 | D        | Found an ornate altar of the Wu Jian Council.
   107 | D        | Found an iron altar of Okawaru.
   107 | D        | Found a shadowy altar of Dithmenos.
   107 | D        | Found a glowing silver altar of Zin.
   108 | D        | Found an ancient bone altar of Kikubaaqudgha.
   108 | D        | Found a hide-covered altar of Uskayaw.
   109 | D        | Found a stormy altar of Qazlal.
   109 | D        | Found a white marble altar of Elyvilon.
   109 | D        | Found a glowing golden altar of the Shining One.
   110 | D        | Became a worshipper of Gozag Ym Sagoz the Greedy
   111 | D        | Found a corrupted altar of Lugonu.
   111 | D        | Found a radiant altar of Vehumet.
   115 | D        | Reached skill level 13 in Stealth
   115 | D        | Reached skill level 1 in Evocations
   115 | D        | Reached XP level 5. HP: 28/28 MP: 3/6
   170 | D        | Reached skill level 5 in Dodging
   170 | D        | Reached skill level 14 in Stealth
   171 | D        | Reached skill level 15 in Stealth
   173 | D        | Reached XP level 6. HP: 33/33 MP: 7/7
   200 | D        | Found Watt's Book Shop.
   201 | D        | Found Jonteq's Antique Armour Emporium.
   206 | D        | Bought a shiny buckler for 210 gold pieces
   214 | D        | Noticed a burning bush
   214 | D        | Noticed a wandering mushroom
   215 | D        | Noticed a wandering mushroom
   218 | D        | Killed a burning bush
   219 | D        | Reached skill level 17 in Stealth
   219 | D        | Reached skill level 5 in Evocations
   219 | D        | Killed a wandering mushroom
   220 | D        | Reached skill level 18 in Stealth
   220 | D        | Reached XP level 7. HP: 38/38 MP: 5/8
   221 | D        | Killed a wandering mushroom
   222 | D        | Reached skill level 19 in Stealth
   226 | D        | Reached XP level 8. HP: 42/42 MP: 6/9
   257 | D        | Found Plog's Antique Weapon Emporium.
   257 | D        | Found Meazuo Yseec's Antique Armour Shoppe.
   262 | D        | Identified the +2 robe of Dishonour {Str+4}
   293 | D        | Bought a book of Misfortune for 364 gold pieces
   296 | D        | Learned a level 2 spell: Slow
   300 | D        | Learned a level 3 spell: Confusing Touch
   334 | D        | Noticed a queen bee
   341 | D        | Killed a queen bee
   342 | D        | Reached skill level 5 in Fighting
   342 | D        | Reached skill level 20 in Stealth
   342 | D        | Reached skill level 1 in Spellcasting
   342 | D        | Reached skill level 1 in Hexes
   411 | D        | Noticed an oklob plant
   414 | D        | Killed an oklob plant
   415 | D        | Reached skill level 5 in Short Blades
   415 | D        | Reached skill level 21 in Stealth
   477 | D        | Noticed a burning bush
   480 | D        | Killed a burning bush
   481 | D        | Reached XP level 9. HP: 47/47 MP: 11/15
   536 | D        | Noticed a burning bush
   536 | D        | Noticed an oklob plant
   537 | D        | Noticed a wandering mushroom
   606 | D        | Killed a burning bush
   611 | D        | Killed a wandering mushroom
   612 | D        | Reached skill level 22 in Stealth
   615 | D        | Killed an oklob plant
   730 | D        | Noticed a spriggan druid
   760 | D        | Noticed a ghost moth
   765 | D        | Succumbed to a ghost moth's poison

Illustrated notes

Levels and vault maps discovered:
D:        dungeon_sprint_fedhas [sprint_temple]

Skill      XL: |  1  2  3  4  5  6  7  8  9 |
---------------+----------------------------+-----
Dodging        | 2 3 4 5 7 8 9 |  9.6
Stealth        | 8 9 12 13 15 18 19 21 22 | 22.4
Fighting       | 2 3 4 5 6 |  6.1
Throwing       | 3 4 |  4.8
Short Blades   | 3 4 5 |  5.6
Evocations     | 1 3 5 6 7 9 |  9.2
Spellcasting   | 3 4 |  4.7
Hexes          | 3 4 |  4.7
Shields        | |  0.1

Action                   |  1- 3 |  4- 6 |  7- 9 || total
-------------------------+-------+-------+-------++-------
Melee: Dagger            |     5 |     7 |    43 ||    55
Throw: Dart              |     5 |       |       ||     5
 Cast: Slow              |       |       |     2 ||     2
       Confusing Touch   |       |       |     2 ||     2
 Abil: Evoke Invisibilit |       |     2 |     6 ||     8
  Use: Potion            |       |       |     3 ||     3
       Scroll            |       |       |     1 ||     1
 Stab: Sleeping          |     2 |     7 |     8 ||    17
       Invisible         |       |       |     6 ||     6
Armor: Robe              |     1 |       |       ||     1
Dodge: Dodged            |     2 |     1 |    18 ||    21
Block: Buckler           |       |       |     7 ||     7
